 Dungeon Crawl Stone Soup version 0.29.1-12-g30fa7ad0bf (webtiles) character file.

Game seed: 15607604462647351934

5 H0rd4k the Charlatan (level 1, -2/13 HPs)
             Began as an Octopode Artificer on Dec 22, 2022.
             Frozen to death by an endoplasm (5 damage)
             ... on level 1 of the Dungeon.
             The game lasted 00:00:13 (265 turns).

H0rd4k the Charlatan (Octopode Artificer)            Turns: 265, Time: 00:00:14

Health: -2/13      AC:  1    Str: 11    XL:     1   Next: 80%
Magic:  1/1        EV: 13    Int: 13    God:
Gold:   11         SH:  0    Dex: 12    Spells: 1/1 levels left

rFire   . . .      SeeInvis .   (no weapon)
rCold   . . .      Faith    .   (no shield)
rNeg    . . .      Spirit   .   (helmet restricted)
rPois   .          Reflect  .   (no amulet)
rElec   .          Harm     .   (no ring)
rCorr   .          Rampage  .   (no ring)
Will    .....                   (no ring)
Stlth   +++.......              (no ring)
HPRegen 0.04/turn               (no ring)
MPRegen 0.07/turn               (no ring)
                                (no ring)
                                (no ring)

@: no status effects
A: almost no armour, amphibious, 8 rings, camouflage 1, gelatinous body 1,
(nimble swimmer 1), tentacles
a: no special abilities


You were on level 1 of the Dungeon.
You visited 1 branch of the dungeon, and saw 1 of its levels.

You collected 11 gold pieces.

Inventory:

Wands
 b - a wand of flame (15) (quivered)
 c - a wand of charming (15)
 d - a wand of iceblast (5)
Potions
 a - a potion of might {unknown}


   Skills:
 * Level 1.3 Fighting
 - Level 2.3 Dodging
 - Level 1.3 Stealth
 + Level 0.1 Unarmed Combat
 * Level 0.6 Spellcasting
 - Level 3.2 Evocations


You had one spell level left.
You didn't know any spells.
Your spell library was empty.

Dungeon Overview and Level Annotations

Branches:
Dungeon (1/15)

Altars:


Innate Abilities, Weirdness & Mutations

You cannot wear most types of armour.
You are amphibious.
You can wear up to eight rings at the same time.
Your skin changes colour to match your surroundings (Stealth+).
Your rubbery body absorbs attacks. (AC +1, EV +1)
((You are camouflaged when in or above water. (Stealth+)))
You have tentacles for arms and can constrict up to eight enemies at once.


Message History

No target in view!
There is a faded altar of an unknown god here.
A rat comes into view.
A rat is nearby!
A rat is nearby!
A kobold comes into view. It is wielding a +0 whip.
There are monsters nearby!
An endoplasm comes into view.
The rat bites you.
There are monsters nearby!
You completely miss the rat. Your grab misses the rat.
The rat bites you but does no damage.
There are monsters nearby!
You closely miss the rat. Your grab misses the rat. The rat closely misses you.
There are monsters nearby!
You tentacle-slap the rat.
You kill the rat!
The kobold shouts!
There are monsters nearby!
The endoplasm quivers.
There are monsters nearby!
You tentacle-slap the kobold but do no damage.
Your grab misses the kobold. The kobold hits you but does no damage.
You tentacle-slap the endoplasm. x2
The endoplasm is almost dead.
The kobold hits you but does no damage. The endoplasm hits you.
You tentacle-slap the endoplasm but do no damage.
The endoplasm is severely wounded.
The kobold closely misses you. The endoplasm closely misses you.
You tentacle-slap the endoplasm. Your squeeze misses the endoplasm.
The endoplasm is almost dead.
The kobold hits you with a +0 whip. The endoplasm freezes you.
You are frozen.
* * * LOW HITPOINT WARNING * * *
You closely miss the kobold. Your grab misses the kobold.
The kobold barely misses you. The endoplasm freezes you.
You are frozen.
You die...

#.# #.#.###### #.#
#.#.# #.# #.#.#
#.# #...# #.#
#.### ..##.# #.#
...#.# #####.#
...#.# #.....#
.#.#.#######....@#
.#.#.##....+...JK#
.#.#....####.....#
...#..### #......
......# #....##
###.>## #....
~~#### #.... ~~~#
#.... #~~#


You could see an endoplasm and a kobold.

Vanquished Creatures
  2 ball pythons (D:1)
  A goblin (D:1)
  A kobold (D:1)
  4 rats (D:1)
8 creatures vanquished.

Notes
Turn   | Place    | Note
-------+----------+-------------------------------------------
     0 | D:1      | H0rd4k the Octopode Artificer began the quest for the Orb.
     0 | D:1      | Reached XP level 1. HP: 13/13 MP: 1/1
   114 | D:1      | Found a faded altar of an unknown god.
   265 | D:1      | Frozen to death by an endoplasm

Illustrated notes

Levels and vault maps discovered:
D:1:      saegor_arrival_miasma, layout_basic, basic_ecumenical_altar

Action                   || total
-------------------------++-------
Melee: Unarmed           ||    20
       Constrict         ||     4
       Punch             ||     1
 Stab: Sleeping          ||     2
Armor: Skin              ||     3
Dodge: Dodged            ||    11
